PCL
MILE HIGH BRONCOS @ SAN JOSE MISSIONS
09/14/2023
 
TOP OF THE 1ST
Mile High Broncos batting - Pitching for San Jose Missions : RHP Jeff Campbell
Pitching: RHP Jeff Campbell
Batting: RHB Ximena Campos 0-0: Called Strike
0-1: Ball
1-1: Called Strike
1-2: Strikes out swinging
Batting: RHB Damian Yates 0-0: Ball
1-0: Ball
2-0: Ball
3-0: Base on Balls
Batting: RHB Phil White 0-0: Ball
1-0: DOUBLE (Line Drive, 7LS)
Damian Yates to third
Runner from 3rd tries for Home, SAFE, throw made home
Batting: LHB Bill Houston 0-0: Ball
Phil White steals 3rd base
1-0: Ball
2-0: Called Strike
2-1: SINGLE (Popup, 6D)
Phil White scores
Batting: RHB Jesús Espinoza 0-0: Called Strike
0-1: Swinging Strike
0-2: Ball
1-2: Ball
2-2: Ball
3-2: Strikes out swinging
Bill Houston steals 2nd base
Batter strikes out.
Batting: RHB Juan Gonzáles 0-0: Ball
1-0: Ball
2-0: Called Strike
2-1: SINGLE (Groundball, 5L)
Bill Houston to third
Runner from 3rd tries for Home, SAFE, no throw or cutoff
Batting: RHB José Herrera 0-0: Ball
1-0: Ball
2-0: Foul Ball, location: 2F
2-1: Foul Ball, location: 2F
2-2: Ball
3-2: Foul Ball, location: 2F
3-2: Strikes out swinging
Top of the 1st over - 3 run(s), 3 hit(s), 0 error(s), 1 left on base; Mile High 3 - San Jose 0
BOTTOM OF THE 1ST
San Jose Missions batting - Pitching for Mile High Broncos : RHP Bob Smith
Pitching: RHP Bob Smith
Batting: RHB Greg Ball 0-0: Ball
1-0: Ground out 6-3 (Groundball, 6)
Batting: LHB Mel Jones 0-0: Foul Ball, location: 2F
0-1: Called Strike
0-2: Ball
1-2: Fly out, F6 (Popup, 6M)
Batting: RHB Ed Starr 0-0: Ball
1-0: Foul Ball, location: 2F
1-1: Foul Ball, location: 2F
1-2: Fly out, F4 (Line Drive, 4)
Bottom of the 1st over - 0 run(s), 0 hit(s), 0 error(s), 0 left on base; Mile High 3 - San Jose 0
TOP OF THE 2ND
Mile High Broncos batting - Pitching for San Jose Missions : RHP Jeff Campbell
Batting: RHB Su-kweon Yu 0-0: Ball
1-0: Ground out 5-3 (Groundball, 5L)
Batting: SHB Tom Stevens 0-0: Ball
1-0: Ball
2-0: Called Strike
2-1: Foul Ball, location: 2F
2-2: Foul Ball, location: 2F
2-2: Ground out 1-3 (Groundball, 15)
Batting: RHB Ximena Campos 0-0: Ball
1-0: Swinging Strike
1-1: Foul Ball, location: 2F
1-2: Ball
2-2: Fly out, F9 (Flyball, 9M)
Top of the 2nd over - 0 run(s), 0 hit(s), 0 error(s), 0 left on base; Mile High 3 - San Jose 0
BOTTOM OF THE 2ND
San Jose Missions batting - Pitching for Mile High Broncos : RHP Bob Smith
Batting: LHB Miguel Montés 0-0: Foul Ball, location: 2F
0-1: Ground out 4-3 (Groundball, 4)
Batting: LHB Raúl García 0-0: Ball
1-0: Ball
2-0: SINGLE (Flyball, 78S)
Batting: RHB Mike Gordon 0-0: Ball
1-0: Swinging Strike
1-1: Swinging Strike
1-2: Foul Ball, location: 2F
1-2: Strikes out looking
Batting: RHB Edgar Wilson 0-0: Ball
Raúl García steals 2nd base
1-0: Ball
2-0: Ball
3-0: Ground out 5-3 (Groundball, 56)
Bottom of the 2nd over - 0 run(s), 1 hit(s), 0 error(s), 1 left on base; Mile High 3 - San Jose 0
TOP OF THE 3RD
Mile High Broncos batting - Pitching for San Jose Missions : RHP Jeff Campbell
Batting: RHB Damian Yates 0-0: SINGLE (Line Drive, 89M)
Batting: RHB Phil White 0-0: Ball
Damian Yates is caught stealing 2nd base
1-0: Called Strike
1-1: Ball
2-1: Ground out 6-3 (Groundball, 6M)
Batting: LHB Bill Houston 0-0: SINGLE (Groundball, 5D)
Batting: RHB Jesús Espinoza 0-0: Called Strike
Bill Houston steals 2nd base
0-1: Ball
1-1: Ball
2-1: Ball
3-1: Base on Balls
Batting: RHB Juan Gonzáles 0-0: Ball
1-0: Foul Ball, location: 2F
1-1: Foul Ball, location: 2F
1-2: Ball
2-2: Fly out, F7 (Flyball, 7LM)
Top of the 3rd over - 0 run(s), 2 hit(s), 0 error(s), 2 left on base; Mile High 3 - San Jose 0
BOTTOM OF THE 3RD
San Jose Missions batting - Pitching for Mile High Broncos : RHP Bob Smith
Batting: RHB Goro Tanabe 0-0: Ball
1-0: SINGLE (Groundball, 6)
Batting: RHB Josh Powell 0-0: Ball
1-0: Foul Ball, location: 2F
1-1: Foul Ball, location: 2F
1-2: Ball
2-2: Ball
Goro Tanabe steals 2nd base
3-2: Foul Ball, location: 2F
3-2: Ground out 5-3 (Groundball, 56S)
Goro Tanabe to third
Batting: RHB Greg Ball 0-0: Ball
1-0: Fly out, F7 (Flyball, 7M)
Runner from 3rd tags up, SCORES, no throw
Batting: LHB Mel Jones 0-0: Called Strike
0-1: Swinging Strike
0-2: Ball
1-2: Foul Ball, location: 2F
1-2: Strikes out swinging
Bottom of the 3rd over - 1 run(s), 1 hit(s), 0 error(s), 0 left on base; Mile High 3 - San Jose 1
TOP OF THE 4TH
Mile High Broncos batting - Pitching for San Jose Missions : RHP Jeff Campbell
Batting: RHB José Herrera 0-0: Ball
1-0: Fly out, F7 (Flyball, 7M)
Batting: RHB Su-kweon Yu 0-0: Called Strike
0-1: Ball
1-1: Foul Ball, location: 2F
1-2: Ground out 5-3 (Groundball, 5)
Batting: SHB Tom Stevens 0-0: Called Strike
0-1: Ground out U3 (Groundball, 3)
Top of the 4th over - 0 run(s), 0 hit(s), 0 error(s), 0 left on base; Mile High 3 - San Jose 1
BOTTOM OF THE 4TH
San Jose Missions batting - Pitching for Mile High Broncos : RHP Bob Smith
Batting: RHB Ed Starr 0-0: Ball
1-0: Ball
2-0: Called Strike
2-1: Called Strike
2-2: Ball
3-2: Strikes out swinging
Batting: LHB Miguel Montés 0-0: Called Strike
0-1: Foul Ball, location: 2F
0-2: Ground out 3-1 (Groundball, 34)
Batting: LHB Raúl García 0-0: Swinging Strike
0-1: Swinging Strike
0-2: Foul Ball, location: 2F
0-2: Foul Ball, location: 2F
0-2: Ground out U3 (Groundball, 3)
Bottom of the 4th over - 0 run(s), 0 hit(s), 0 error(s), 0 left on base; Mile High 3 - San Jose 1
TOP OF THE 5TH
Mile High Broncos batting - Pitching for San Jose Missions : RHP Jeff Campbell
Batting: RHB Ximena Campos 0-0: Called Strike
0-1: Ball
1-1: Ball
2-1: Swinging Strike
2-2: Ball
3-2: Foul Ball, location: 2F
3-2: Foul Ball, location: 2F
3-2: SOLO HOME RUN (Flyball, 7D), Distance : 397 ft
Pitching: RHP Oliver Meléndez
Batting: RHB Damian Yates 0-0: SINGLE (Groundball, 56)
Batting: RHB Phil White 0-0: Called Strike
0-1: Foul Ball, location: 2F
0-2: Ball
1-2: Strikes out swinging
Batting: LHB Bill Houston 0-0: Ball
1-0: Ball
2-0: Foul Ball, location: 2F
2-1: Called Strike
2-2: Fly out, F8 (Flyball, 8LD)
Batting: RHB Jesús Espinoza 0-0: Ball
1-0: Foul Ball, location: 2F
1-1: Foul Ball, location: 2F
1-2: Ball
2-2: Strikes out swinging
Top of the 5th over - 1 run(s), 2 hit(s), 0 error(s), 1 left on base; Mile High 4 - San Jose 1
BOTTOM OF THE 5TH
San Jose Missions batting - Pitching for Mile High Broncos : RHP Bob Smith
Batting: RHB Mike Gordon 0-0: Called Strike
0-1: Foul Ball, location: 2F
0-2: Ball
1-2: Ball
2-2: Foul Ball, location: 2F
2-2: Ball
3-2: Base on Balls
Batting: RHB Edgar Wilson 0-0: DOUBLE (Groundball, 5L)
Mike Gordon to third
Batting: RHB Goro Tanabe 0-0: Ground out 6-3 (Groundball, 6)
Mike Gordon scores
Batting: RHB Josh Powell 0-0: Foul Ball, location: 2F
0-1: Foul Ball, location: 2F
0-2: Strikes out swinging
Batting: RHB Greg Ball 0-0: Swinging Strike
0-1: Ball
1-1: Foul Ball, location: 2F
1-2: Foul Ball, location: 2F
1-2: Strikes out swinging
Bottom of the 5th over - 1 run(s), 1 hit(s), 0 error(s), 1 left on base; Mile High 4 - San Jose 2
TOP OF THE 6TH
Mile High Broncos batting - Pitching for San Jose Missions : RHP Oliver Meléndez
Batting: RHB Juan Gonzáles 0-0: Ball
1-0: Ball
2-0: Ball
3-0: Called Strike
3-1: Base on Balls
Batting: RHB José Herrera 0-0: Ball
1-0: Ball
2-0: Called Strike
2-1: Fly out, F7 (Flyball, 7M)
Batting: RHB Su-kweon Yu 0-0: Called Strike
0-1: Called Strike
0-2: Foul Ball, location: 2F
0-2: Grounds into double play, 5-4-3 (Groundball, 56)
Top of the 6th over - 0 run(s), 0 hit(s), 0 error(s), 0 left on base; Mile High 4 - San Jose 2
BOTTOM OF THE 6TH
San Jose Missions batting - Pitching for Mile High Broncos : RHP Bob Smith
Batting: LHB Mel Jones 0-0: SINGLE (Line Drive, 34)
Batting: RHB Ed Starr 0-0: Swinging Strike
0-1: Called Strike
0-2: Strikes out swinging
Batting: LHB Miguel Montés 0-0: Fielders Choice at 2nd, 5-4 (Groundball, 56)
Batting: LHB Raúl García 0-0: Called Strike
0-1: Ball
1-1: Reached on error, E6 (Groundball, 56)
Miguel Montés to third
Batting: RHB Mike Gordon 0-0: Called Strike
0-1: Ball
1-1: SINGLE (Groundball, 56D)
Miguel Montés scores
Raúl García to third
Runner from 3rd tries for Home, SAFE, no throw or cutoff
Batting: RHB Edgar Wilson 0-0: Foul Ball, location: 2F
0-1: Swinging Strike
0-2: Fly out, F8 (Flyball, 8LD)
Bottom of the 6th over - 2 run(s), 2 hit(s), 1 error(s), 1 left on base; Mile High 4 - San Jose 4
TOP OF THE 7TH
Mile High Broncos batting - Pitching for San Jose Missions : RHP Oliver Meléndez
Batting: SHB Tom Stevens 0-0: Called Strike
0-1: Foul Ball, location: 2F
0-2: Strikes out swinging
Batting: RHB Ximena Campos 0-0: Ball
1-0: Called Strike
1-1: Ball
2-1: Ground out 4-3 (Groundball, 4)
Batting: RHB Damian Yates 0-0: Called Strike
0-1: SOLO HOME RUN (Flyball, 89XD), Distance : 433 ft
Pitching: RHP Gabriel Moore
Batting: RHB Phil White 0-0: Called Strike
0-1: Called Strike
0-2: Ball
1-2: Foul Ball, location: 2F
1-2: Foul Ball, location: 2F
1-2: Foul Ball, location: 2F
1-2: Ball
2-2: Foul Ball, location: 2F
2-2: Ball
3-2: Foul Ball, location: 2F
3-2: Base on Balls
Pitching: RHP Anthony Jones
Batting: LHB Bill Houston 0-0: Ball
1-0: Called Strike
1-1: Ball
2-1: Ball
3-1: Foul Ball, location: 2F
3-2: Foul Ball, location: 2F
3-2: Base on Balls
Phil White to second
Batting: RHB Jesús Espinoza 0-0: Ball
1-0: Ball
2-0: DOUBLE (Flyball, 8RXD)
Phil White scores
Bill Houston to third
Runner from 3rd tries for Home, throw and OUT!
Top of the 7th over - 2 run(s), 2 hit(s), 0 error(s), 1 left on base; Mile High 6 - San Jose 4
BOTTOM OF THE 7TH
San Jose Missions batting - Pitching for Mile High Broncos : RHP Bob Smith
Pitching: RHP Myoung-chul Im
Batting: RHB Goro Tanabe 0-0: Swinging Strike
0-1: Called Strike
0-2: Strikes out swinging
Batting: RHB Josh Powell 0-0: DOUBLE (Line Drive, 7LD)
Batting: RHB Greg Ball 0-0: Called Strike
0-1: DOUBLE (Flyball, 78M)
Josh Powell scores
Batting: LHB Mel Jones 0-0: Ball
Greg Ball steals 3rd base
1-0: Ball
2-0: Ground out 3-5 (Groundball, 3)
Batting: RHB Ed Starr 0-0: Ball
1-0: Ball
2-0: Ball
3-0: Called Strike
3-1: Base on Balls
Batting: LHB Miguel Montés 0-0: Fly out, F7 (Flyball, 7M)
Bottom of the 7th over - 1 run(s), 2 hit(s), 0 error(s), 2 left on base; Mile High 6 - San Jose 5
TOP OF THE 8TH
Mile High Broncos batting - Pitching for San Jose Missions : RHP Anthony Jones
Batting: RHB Juan Gonzáles 0-0: Ball
1-0: Swinging Strike
1-1: Ball
2-1: Swinging Strike
2-2: SINGLE (Line Drive, 8LS)
Batting: RHB José Herrera 0-0: Ball
1-0: Called Strike
1-1: SINGLE (Groundball, 6)
Juan Gonzáles to second
Batting: RHB Su-kweon Yu 0-0: Ball
1-0: Bunted foul
1-1: Bunt missed!
1-2: Ball
2-2: SINGLE (Line Drive, 56D)
Juan Gonzáles to third
José Herrera to second
Pinch Hitting: RHB Juan Jose Guevana 0-0: Ball
1-0: Ball
2-0: Grounds into fielders choice 6-2 (Groundball, 6)
José Herrera to third
Su-kweon Yu to second
Batting: RHB Ximena Campos 0-0: Ball
1-0: Ball
2-0: Foul Ball, location: 2F
2-1: Ball
3-1: Swinging Strike
3-2: Base on Balls
José Herrera scores
Su-kweon Yu to third
Juan Jose Guevana to second
Batting: RHB Damian Yates 0-0: Foul Ball, location: 2F
0-1: Ball
1-1: SINGLE (Line Drive, 3)
Su-kweon Yu scores
Juan Jose Guevana to third
Ximena Campos to second
Batting: RHB Phil White 0-0: Fly out, F7 (Flyball, 78M)
Runner from 3rd tags up, SCORES, throw made
Batting: LHB Bill Houston 0-0: Ball
1-0: Swinging Strike
1-1: Ball
2-1: Ball
3-1: Base on Balls
Ximena Campos to third
Damian Yates to second
Batting: RHB Jesús Espinoza 0-0: Ball
1-0: Foul Ball, location: 2F
1-1: DOUBLE (Line Drive, 89XD)
Ximena Campos scores
Damian Yates scores
Bill Houston to third
Batting: RHB Juan Gonzáles 0-0: Ball
1-0: Called Strike
1-1: Ball
2-1: Ball
3-1: Base on Balls
Batting: RHB José Herrera 0-0: Ball
1-0: Ball
2-0: Called Strike
2-1: Ball
3-1: Base on Balls
Bill Houston scores
Jesús Espinoza to third
Juan Gonzáles to second
Batting: RHB Su-kweon Yu 0-0: Ball
1-0: Ball
2-0: Foul Ball, location: 2F
2-1: Foul Ball, location: 2F
2-2: Foul Ball, location: 2F
2-2: Foul Ball, location: 2F
2-2: Ball
3-2: Base on Balls
Jesús Espinoza scores
Juan Gonzáles to third
José Herrera to second
Pitching: LHP Michael Johnson
Batting: RHB Juan Jose Guevana 0-0: Foul Ball, location: 2F
0-1: SINGLE (Groundball, 25) (infield hit)
Juan Gonzáles scores
José Herrera to third
Su-kweon Yu to second
Batting: RHB Ximena Campos 0-0: Fly out, F2 (Popup, 2RF)
Top of the 8th over - 8 run(s), 6 hit(s), 0 error(s), 3 left on base; Mile High 14 - San Jose 5
BOTTOM OF THE 8TH
San Jose Missions batting - Pitching for Mile High Broncos : RHP Myoung-chul Im
Now at SS: Vincente Ventura
Batting: LHB Raúl García 0-0: Ball
1-0: Called Strike
1-1: Called Strike
1-2: SINGLE (Groundball, 4MD) (infield hit)
Batting: RHB Mike Gordon 0-0: Ball
1-0: Grounds into double play, 5-4-3 (Groundball, 56)
Batting: RHB Edgar Wilson 0-0: Ball
1-0: Foul Ball, location: 2F
1-1: Ball
2-1: Ball
3-1: Foul Ball, location: 2F
3-2: Strikes out looking
Bottom of the 8th over - 0 run(s), 1 hit(s), 0 error(s), 0 left on base; Mile High 14 - San Jose 5
TOP OF THE 9TH
Mile High Broncos batting - Pitching for San Jose Missions : LHP Michael Johnson
Batting: RHB Damian Yates 0-0: Ball
1-0: Ball
2-0: Ball
3-0: Base on Balls
Batting: RHB Phil White 0-0: Foul Ball, location: 2F
0-1: Foul Ball, location: 2F
0-2: Ball
1-2: Ball
2-2: Foul Ball, location: 2F
2-2: Foul Ball, location: 2F
2-2: Foul Ball, location: 2F
2-2: Fly out, F7 (Flyball, 7S)
Batting: LHB Bill Houston 0-0: Called Strike
Damian Yates is caught stealing 2nd base
0-1: SINGLE (Flyball, 7S)
Batting: RHB Jesús Espinoza 0-0: Called Strike
0-1: SINGLE (Line Drive, 6M)
Bill Houston to second
Batting: RHB Juan Gonzáles 0-0: SINGLE (Groundball, 34D)
Bill Houston to third
Jesús Espinoza to second
Runner from 3rd tries for Home, SAFE, no throw or cutoff
Batting: RHB José Herrera 0-0: Ball
Balk!
Jesús Espinoza to third
Juan Gonzáles to second
1-0: Ball
2-0: Ball
3-0: Base on Balls
Batting: RHB Su-kweon Yu 0-0: Foul Ball, location: 2F
0-1: Hit by Pitch
Jesús Espinoza scores
Juan Gonzáles to third
José Herrera to second
Batting: RHB Vincente Ventura 0-0: Ball
1-0: Called Strike
1-1: Ball
2-1: Fly out, F8 (Flyball, 89XD)
Top of the 9th over - 2 run(s), 3 hit(s), 0 error(s), 3 left on base; Mile High 16 - San Jose 5
BOTTOM OF THE 9TH
San Jose Missions batting - Pitching for Mile High Broncos : RHP Myoung-chul Im
Now in LF: Marcos Reyes
Batting: RHB Goro Tanabe 0-0: Called Strike
0-1: Foul Ball, location: 2F
0-2: Ball
1-2: Strikes out swinging
Batting: RHB Josh Powell 0-0: Ball
1-0: Ball
2-0: Ball
3-0: Base on Balls
Batting: RHB Greg Ball 0-0: SINGLE (Groundball, 34D)
Josh Powell to second
Runner from 2nd tries for 3rd, SAFE, throw made to third
Batting: LHB Mel Jones 0-0: Fielders Choice at 2nd, 5-4 (Groundball, 5)
Josh Powell scores
Batting: RHB Ed Starr
Pinch Hitting: RHB Joe Broadhead 0-0: Foul Ball, location: 2F
0-1: Foul Ball, location: 2F
0-2: Ball
1-2: Foul Ball, location: 2F
1-2: Ball
Wild Pitch!
Mel Jones to second
2-2: Fly out, F9 (Flyball, 9LM)
Bottom of the 9th over - 1 run(s), 1 hit(s), 0 error(s), 1 left on base; Mile High 16 - San Jose 6
This league is powered by Out of the Park Baseball, the baseball management simulation game for PC, Mac and Linux
Wednesday, December 2nd, 2015 - OOTP Baseball 16.8 Build 38